 Dungeon Crawl Stone Soup version 0.28-a0-628-g3c9886e45e (webtiles) character file.

Game seed: 1327229634704238212

303 funkygono the Firebug (level 6, 0/33 HPs)
             Began as a Gargoyle Fire Elementalist on Oct 9, 2021.
             Slain by a centaur skeleton (2 damage)
             ... on level 4 of the Dungeon.
             The game lasted 00:06:12 (3288 turns).

funkygono the Firebug (Gargoyle Fire Elementalist)  Turns: 3288, Time: 00:06:13

Health: 0/33       AC:  6    Str: 11    XL:     6   Next: 38%
Magic:  0/11       EV: 12    Int: 18    God:
Gold:   72         SH:  0    Dex: 10    Spells: 6/12 levels left

rFire   + . .      SeeInvis .   i - +0 whip
rCold   + . .      Faith    .   (no shield)
rNeg    + + .      Spirit   .   a - +0 robe
rPois   ∞          Reflect  .   (no helmet)
rElec   +          Harm     .   (no cloak)
rCorr   +          Rampage  .   (no gloves)
Will    .....                   (no boots)
Stlth   ++........              (no amulet)
HPRegen 0.11/turn               c - ring of positive energy
MPRegen 0.12/turn               (no ring)

@: resistant
A: sickness immunity, AC +4, negative energy resistance 1, electricity
resistance, torment resistance 1, petrification resistance
a: no special abilities


You were on level 4 of the Dungeon.
You visited 1 branch of the dungeon, and saw 4 of its levels.

You collected 72 gold pieces.

Inventory:

Hand Weapons
 b - a +0 flail
 i - a +0 whip (weapon)
Missiles
 e - 33 stones
Armour
 a - a +0 robe (worn)
 d - a +0 leather armour
 h - a +0 scale mail
Jewellery
 c - a ring of positive energy (left hand)
 l - a +4 ring of slaying
Scrolls
 g - 2 scrolls of identify
Potions
 j - a potion of cancellation


   Skills:
 + Level 0.3 Fighting
 + Level 0.1 Maces & Flails
 + Level 1.7 Dodging
 - Level 2.1 Stealth
 * Level 3.9 Spellcasting
 * Level 2.9 Conjurations
 * Level 5.0 Fire Magic


You had 6 spell levels left.
You knew the following spells:

 Your Spells              Type           Power      Damage    Failure   Level
a - Foxfire               Conj/Fire      68%        2x1d7     3%          1
b - Scorch                Fire           42%        2d7       2%          2
c - Conjure Flame         Conj/Fire      17%        6-21      9%          3

Your spell library contained the following spells:

 Spells                   Type           Power      Damage    Failure   Level
 Inner Flame              Hex/Fire       12%        N/A       16%         3
 Flame Wave               Conj/Fire      17%        3d5       28%         4
 Cause Fear               Hex            1%         N/A       83%         4
 Discord                  Hex            1%         N/A       100%        8


Dungeon Overview and Level Annotations

Branches:
Dungeon (3/15)

Altars:


Innate Abilities, Weirdness & Mutations

You are immune to sickness and miasma.
Your stone body is resilient. (AC +4)
You are immune to poison.
You resist negative energy. (rN+)
You are resistant to electric shocks. (rElec)
You are resistant to unholy torment.
You are immune to petrification.


Message History

You barely miss the iguana.
The iguana is severely wounded.
The iguana bites you.
* * * LOW HITPOINT WARNING * * *
You hit the iguana but do no damage.
The iguana is severely wounded.
The iguana closely misses you.
You feel protected. The iguana bites you.
* * * LOW HITPOINT WARNING * * *
You hit the iguana.
The iguana is severely wounded.
The iguana bites you but does no damage.
You hit the iguana.
You kill the iguana!
The centaur skeleton is no longer more vulnerable to fire.
Your Fire Magic skill increases to level 5!
Casting: Scorch (safe; 2% risk of failure)
Confirm with . or Enter, or press ? or * to list all spells.
You don't have enough magic to cast this spell.
Unknown command.
You hit the centaur skeleton but do no damage.
The centaur skeleton is severely damaged.
The centaur skeleton hits you but does no damage.
The centaur skeleton misses you.
You hit the centaur skeleton.
The centaur skeleton is severely damaged.
The centaur skeleton closely misses you.
The centaur skeleton kicks you.
* * * LOW HITPOINT WARNING * * *
The centaur skeleton closely misses you.
The centaur skeleton kicks you but does no damage.
Okay, then.
Casting: Scorch (safe; 2% risk of failure)
Confirm with . or Enter, or press ? or * to list all spells.
Flames lash the centaur skeleton.
The centaur skeleton is almost destroyed.
The centaur skeleton's fire resistance burns away.
The centaur skeleton hits you.
You die...

########### .#
#.......Z@#..#.
#.....#####....
#....Z..#....#
#.....s.#.....
#....l.....#
####.Z.#...# ##.#...###
## ##..#.#..###...
.....(.......#.......##


You could see a centaur skeleton (combustible).

Vanquished Creatures
  A scorpion (D:4)
  A water moccasin skeleton (D:4)
  An orc priest (D:3)
  2 iguanas
  2 adders (D:2)
  3 gnolls (D:2)
  A worm (D:2)
  4 orcs
  A ball python (D:1)
  3 bats
  3 endoplasms
  3 giant cockroaches
  8 goblins
  6 hobgoblins
  5 quokkas
  2 frilled lizards (D:2)
  6 kobolds
  9 rats
61 creatures vanquished.

Vanquished Creatures (others)
  187 foxfires
187 creatures vanquished.

Grand Total: 248 creatures vanquished

Notes
Turn   | Place    | Note
-------+----------+-------------------------------------------
     0 | D:1      | funkygono the Gargoyle Fire Elementalist began the quest
                  | for the Orb.
     0 | D:1      | Reached XP level 1. HP: 10/10 MP: 3/3
   207 | D:1      | Reached XP level 2. HP: 15/15 MP: 1/5
   210 | D:1      | Learned a level 2 spell: Scorch
   412 | D:1      | Found a faded altar of an unknown god.
   831 | D:2      | Reached XP level 3. HP: 19/19 MP: 1/6
   835 | D:2      | Learned a level 3 spell: Conjure Flame
  1296 | D:2      | Reached skill level 4 in Fire Magic
  1296 | D:2      | Reached XP level 4. HP: 24/24 MP: 2/8
  2266 | D:2      | HP: 1/24 [iguana (5)]
  2283 | D:2      | Reached XP level 5. HP: 3/28 MP: 3/9
  3157 | D:3      | You fall into a shaft and drop 1 floor!
  3266 | D:4      | Reached XP level 6. HP: 15/33 MP: 1/11
  3286 | D:4      | Reached skill level 5 in Fire Magic
  3288 | D:4      | Slain by a centaur skeleton

Illustrated notes

Levels and vault maps discovered:
D:1:      scummos_arrival_simple_fountains, layout_rooms,
          ebering_ecumenical_altar_box, corexii_corridor_pit,
          chequers_serial_rivers_micro_b, minmay_tromino_mix6
D:2:      layout_loops_ring
D:3:      layout_loops_cross, mainiacjoe_overflow_paths
D:4:      layout_rooms, hangedman_decor_push, nrook_mini_vaults, minmay_rat_hole

Skill      XL: |  1  2  3  4  5  6 |
---------------+-------------------+-----
Fire Magic     | 4 5 |  5.0
Conjurations   | 2 |  2.9
Spellcasting   | 3 |  3.9
Fighting       | |  0.3
Maces & Flails | |  0.1
Dodging        | |  1.7
Stealth        | |  2.1

Action                   |  1- 3 |  4- 6 || total
-------------------------+-------+-------++-------
Melee: Club              |     2 |       ||     2
       Whip              |       |    46 ||    46
 Cast: Foxfire           |    49 |    60 ||   109
       Scorch            |     5 |    18 ||    23
  Use: Scroll            |       |     4 ||     4
       Potion            |       |     3 ||     3
Armor: Robe              |     3 |    26 ||    29
Dodge: Dodged            |     8 |    56 ||    64

Table legend: (Time is in decaauts)
 A = Elapsed time spent in this place.
 B = Non-inter-level travel time spent in this place.
 C = Inter-level travel time spent in this place.
 D = Time resting spent in this place.
 E = Time spent auto-exploring this place.
 F = Levels seen in this place.
 G = Mean time per level.
                   A        B        C        D        E       F      G
               +--------+--------+--------+--------+--------+-----+--------+
         Total |   3297 |   3242 |     55 |    820 |   1837 |   4 |  824.2 |
       Dungeon |   3297 |   3242 |     55 |    820 |   1837 |   4 |  824.2 |
               +--------+--------+--------+--------+--------+-----+--------+

Top non-repeatable levels by time:
     D:2: 1624 daAuts
     D:1: 998 daAuts
     D:3: 539 daAuts
     D:4: 135 daAuts
